 Dungeon Sprint DCSS version 0.28-a0-1613-gdaab1c2f9b (webtiles) character file.

Game seed: 15689528261120671085

312 jt the Grappler (level 6, -2/82 HPs)
             Began as a Troll Hunter on Jan 21, 2022.
             Was a Follower of Lugonu.
             Slain by a spriggan (10 damage)
             ... in the Dungeon (Sprint IV: "Fedhas' Mad Dash").
             The game lasted 00:01:44 (241 turns).

jt the Grappler (Troll Hunter)                       Turns: 241, Time: 00:01:45

Health: -2/82      AC:  4    Str: 23    XL:     6   Next: 18%
Magic:  5/5        EV:  9    Int:  7    God:    Lugonu [*.....]
Gold:   58         SH:  0    Dex: 10    Spells: 5/5 levels left

rFire   . . .      SeeInvis .     - Unarmed
rCold   . . .      Faith    .   (no shield)
rNeg    . . .      Spirit   .   b - +0 robe
rPois   .          Reflect  .   (helmet restricted)
rElec   .          Harm     .   (no cloak)
rCorr   .          Rampage  .   (gloves unavailable)
Will    .....      NoTele   +   (boots unavailable)
Stlth   ..........              k - amulet of invisibility {+Inv}
HPRegen 1.03/turn               (no ring)
MPRegen 0.09/turn               (no ring)

@: berserking, lethally poisoned (-2 -> -3), very quick
A: large, unfitting armour, claws 3, regeneration 1, shaggy fur 1, tough skin 1
a: Renounce Religion, Evoke Invisibility


You were in the Dungeon.
You worshipped Lugonu.
Lugonu was aware of your devotion.
You visited 1 branch You collected 58 gold pieces.

Inventory:

Hand Weapons
 a - a +0 short sword
 l - a +0 mace
Missiles
 d - 2 throwing nets (quivered)
 m - 16 bolts
Armour
 b - a +0 robe (worn)
Jewellery
 k - the amulet of invisibility (around neck) {+Inv}
   (You found it in the Dungeon)

   [amulet of nothing]

   +Inv:      It lets you turn invisible.
Scrolls
 f - a scroll of vulnerability {unknown}
 j - a scroll of blinking
Potions
 e - a potion of curing
 g - a potion of haste
 h - 2 potions of magic


   Skills:
 - Level 1.5 Fighting
 + Level 4.3 Throwing
 - Level 1.5 Dodging
 + Level 5.7 Stealth
 + Level 9.0 Unarmed Combat


You had 5 spell levels left.
You didn't know any spells.
Your spell library was empty.

Dungeon Overview and Level Annotations

Branches:
Dungeon (1/1)

Altars:
Cheibriados
Dithmenos
Elyvilon
Gozag
Hepliaklqana
Kikubaaqudgha
Makhleb
Nemelex Xobeh
Okawaru
Qazlal
Ru
Sif Muna
Trog
Uskayaw
Vehumet
Wu Jian
Xom
Yredelemnul
Zin
The Shining One
Beogh
Jiyva
Lugonu


Innate Abilities, Weirdness & Mutations

You are too large for most types of armour.
You have claws for hands.
Your natural rate of healing is unusually fast.
You are covered in fur. (AC +1)
You have tough skin. (AC +1)


Message History

Throw: large rock
Press: ? - help, Q - select action, (/) - cycle Shift-Dir - straight line, f - scorpion
Aim: a scorpion (severely wounded, 56% to hit)
You throw a large rock.
The large rock barely misses the scorpion.
You feel very sick.
The scorpion stings you but does no damage.
The scorpion stings you. The scorpion closely misses you.
You scratch the scorpion.
The scorpion is almost dead.
You feel sick.
The scorpion stings you but does no damage.
You claw the scorpion!
You kill the scorpion!
Lugonu accepts your kill.
You feel sick.
Your Throwing skill increases to level 4!
Your Unarmed Combat skill increases to level 9!
You have reached level 6!
You feel stronger.
A red film seems to cover your vision as you go berserk!
You feel yourself moving faster!
You feel mighty!
You feel sick.
The spriggan hits you with a +0 short sword!
The spriggan closely misses you.
You barely miss the spriggan. Your claw misses the spriggan.
The spriggan hits you with a +0 short sword!
You scratch the spriggan.
The spriggan is moderately wounded.
You feel sick.
The spriggan hits you with a +0 short sword!
* * * LOW HITPOINT WARNING * * *
You closely miss the spriggan. Your claw misses the spriggan.
The spriggan is moderately wounded.
You feel sick.
The spriggan hits you with a +0 short sword!
* * * LOW HITPOINT WARNING * * *
You barely miss the spriggan.
The spriggan is moderately wounded.
The spriggan hits you with a +0 short sword!
You die...

######################
#.⌠._._._._.⌠.#.ii(..#
'.._._._._._..'.@#
#..._._._._...#..#
#.._._._._._..#..#
#._._._._._.⌠.####
############### #


You could see 2 spriggans.

Vanquished Creatures
  2 scorpions (D)
  A killer bee (D)
  4 oklob saplings (D)
  A river rat (D)
  A rat (D)
9 creatures vanquished.

Notes
Turn   | Place    | Note
-------+----------+-------------------------------------------
     0 | D        | jt the Troll Hunter began the quest for the Orb.
     0 | D        | Reached XP level 1. HP: 19/19 MP: 0/0
    14 | D        | Reached skill level 1 in Stealth
    14 | D        | Reached skill level 2 in Unarmed Combat
    14 | D        | Reached XP level 2. HP: 24/27 MP: 1/1
    27 | D        | Noticed an oklob sapling
    31 | D        | Killed an oklob sapling
    32 | D        | Reached skill level 4 in Unarmed Combat
    32 | D        | Reached XP level 3. HP: 5/33 MP: 2/2
    65 | D        | Noticed a scorpion
    78 | D        | Killed a scorpion
    79 | D        | Reached skill level 6 in Unarmed Combat
    79 | D        | Reached XP level 4. HP: 28/41 MP: 3/3
    97 | D        | Found the amulet of invisibility {+Inv}
   124 | D        | Found an opulent altar of Gozag.
   124 | D        | Found a hazy altar of Hepliaklqana.
   124 | D        | Found a snail-covered altar of Cheibriados.
   125 | D        | Found a viscous altar of Jiyva.
   125 | D        | Found a burning altar of Makhleb.
   125 | D        | Found a sparkling altar of Nemelex Xobeh.
   125 | D        | Found a sacrificial altar of Ru.
   125 | D        | Found a shimmering blue altar of Sif Muna.
   125 | D        | Found a bloodstained altar of Trog.
   125 | D        | Found an ornate altar of the Wu Jian Council.
   125 | D        | Found a shimmering altar of Xom.
   125 | D        | Found a basalt altar of Yredelemnul.
   126 | D        | Found an iron altar of Okawaru.
   126 | D        | Found a shadowy altar of Dithmenos.
   126 | D        | Found a glowing silver altar of Zin.
   127 | D        | Found an ancient bone altar of Kikubaaqudgha.
   127 | D        | Found a hide-covered altar of Uskayaw.
   128 | D        | Found a stormy altar of Qazlal.
   128 | D        | Found a white marble altar of Elyvilon.
   128 | D        | Found a glowing golden altar of the Shining One.
   129 | D        | Found a corrupted altar of Lugonu.
   129 | D        | Found a radiant altar of Vehumet.
   135 | D        | Reached skill level 7 in Unarmed Combat
   135 | D        | Reached XP level 5. HP: 37/48 MP: 1/4
   175 | D        | Reached skill level 5 in Stealth
   175 | D        | Reached skill level 8 in Unarmed Combat
   185 | D        | Noticed a queen bee
   224 | D        | Became a worshipper of Lugonu the Unformed
   224 | D        | Reached * piety under Lugonu
   237 | D        | Reached skill level 9 in Unarmed Combat
   237 | D        | Reached XP level 6. HP: 35/55 MP: 5/5
   241 | D        | Slain by a spriggan

Illustrated notes

Levels and vault maps discovered:
D:        dungeon_sprint_fedhas [sprint_temple]

Skill      XL: |  1  2  3  4  5 |
---------------+----------------+-----
Stealth        | 1 2 3 4 5 |  5.7
Unarmed Combat | 2 4 6 7 9 |  9.0
Throwing       | 4 |  4.3
Fighting       | |  1.5
Dodging        | |  1.5

Action                   |  1- 3 |  4- 6 || total
-------------------------+-------+-------++-------
Melee: Unarmed           |    22 |    15 ||    37
       Punch             |     1 |       ||     1
       Short sword       |     2 |       ||     2
Throw: Large rock        |       |     5 ||     5
 Abil: Evoke Invisibilit |       |     2 ||     2
  Use: Potion            |     1 |     1 ||     2
 Stab: Sleeping          |     1 |     2 ||     3
Armor: Robe              |     4 |     6 ||    10
Dodge: Dodged            |     6 |     5 ||    11

Table legend: (Time is in decaauts)
 A = Elapsed time spent in this place.
 B = Non-inter-level travel time spent in this place.
 C = Inter-level travel time spent in this place.
 D = Time resting spent in this place.
 E = Time spent auto-exploring this place.
 F = Levels seen in this place.
 G = Mean time per level.
                   A        B        C        D        E       F      G
               +--------+--------+--------+--------+--------+-----+--------+
         Total |    238 |    238 |      0 |     47 |      0 |   1 |  238.0 |
       Dungeon |    238 |    238 |      0 |     47 |      0 |   1 |  238.0 |
               +--------+--------+--------+--------+--------+-----+--------+

Top non-repeatable levels by time:
       D: 238 daAuts
